[Event "Late-Titled-Tuesday-Blitz-September-05-2023"]
[Site "Chess.com"]
[Date "2023.09.05"]
[Round "3"]
[White "sergiochess83"]
[Black "GoltsevDmitry2000"]
[Result "1-0"]
[WhiteElo "2937"]
[BlackElo "2664"]
[TimeControl "180+1"]
[EndTime "14:31:40 PDT"]
[Termination "sergiochess83 won on time"]

1. d4 e6 2. e4 d5 3. Nc3 c5 4. exd5 exd5 5. Nf3 Nf6 6. Bg5 Nc6 7. Be2 Be7 8. O-O O-O 9. dxc5 Bxc5 10. Bxf6 Qxf6 11. Qxd5 Bb6 12. Rad1 Bf5 13. Bd3 Bg4 14. Qe4 Qg6 15. Nd5 Bc5 16. Qc4 Qd6 17. Qxg4 Rad8 18. c4 Qh6 19. Qg5 Qd6 20. a3 Rfe8 21. Rfe1 a5 22.
h3 b5 23. cxb5 Rxe1+ 24. Rxe1 Nb8 25. Bc4 Rf8 26. Ne5 Bd4 27. Ng4 Kh8 28. Qf4 Qc5 29.
b3 Nd7 30. Re7 h5 31. Nge3 Nf6 32. Nxf6 Bxf6 33. Rd7 Qxa3 34. Qf5 Qa1+ 35. Nf1 g6 36. Rd5 gxf5 37. Rxf5 Kg7 38. Rxh5 Rd8 39. Rf5 Rd1 40. Rf3 Qd4 41. g3 Qe4 42. Kg2 Re1 43. Ne3 Rb1 44.
Nf5+ Kf8 45. Nd6 Qe5 46. Nxf7 Qa1 47. h4 Rg1+ 48. Kh3 Ke7 49. Nh6 Rh1+ 50. Kg4 Qd1 51. Ng8+ Kd6 52. Nxf6 Re1 53. Nd5 Re4+ 54. Nf4 Ke5 55. Bd5 Rd4 56. Bc6 Rd8 57. Ng6+ Kd6 58. h5 Rg8 59. Kh3 Qh1+ 60. Kg4 Qd1 61. Kh4 Qh1+ 62. Kg5 Qc1+ 63. Rf4 Qd2 64. g4 Qd3 65. Be4 Qd2 66. Bf5 Kc5 67. h6 Qc3 68. h7 Rd8 69. h8=Q Rxh8 70. Nxh8 Qxh8 71. Bg6 Qd8+ 72. Kh5 Qd1 73.
Rf5+ Kb4 74. Bf7 Qh1+ 75. Kg5 Qe4 76. f4 Qe3 77. Kg6 Qg3 78. g5 Qd3 79. Be6 Qd6 80. Kf6 Qf8+ 81. Kg6 Qe8+ 82. Bf7 Qh8 83. b6 Qb8 84.
Rf6 Kc5 85. f5 Qb7 86. Kg7 Qg2 87. g6 Qe4 88. Bg8 Qe5 89. Bf7 Kb4 90. b7 Kc5 91.
Bg8 Qb8 92. Rf7 Qe5+ 93. f6 Qb8 94. Bh7 Kb4 95. Kh6 Kxb3 96. g7 Qh2+ 97. Kg6 Qg3+ 98. Kf5 Qd3+ 99. Ke6 Qc4+ 100. Ke7 Qe4+ 101. Kd6 Qd4+ 102. Ke7 Qe5+ 103. Kd7 Qd5+ 104. Ke8 Qc6+ 105. Rd7 Qe6+ 106. Kd8 Qb6+ 107. Kc8 Qc6+ 108. Kd8 Qb6+ 109. Ke7 Qc5+ 110. Ke8 Qe5+ 111. Kf7 Qh5+ 112. Bg6 1-0

[Event "Late-Titled-Tuesday-Blitz-September-05-2023"]
[Site "Chess.com"]
[Date "2023.09.05"]
[Round "3"]
[White "IMRosen"]
[Black "Noki102"]
[Result "1/2-1/2"]
[WhiteElo "2597"]
[BlackElo "2440"]
[TimeControl "180+1"]
[EndTime "14:32:07 PDT"]
[Termination "Game drawn by agreement"]

1. d3 d5 2. Nd2 Nf6 3. e3 e5 4.
Ne2 Bd6 5. Ng3 O-O 6. Be2 a5 7. a4 b6 8. Nb3 Bb7 9. Bd2 Nbd7 10. c3 Re8 11. Qc2 g6 12. e4 Bf8 13. O-O Bg7 14. c4 dxc4 15. dxc4 Qe7 16. c5 Nxc5 17. Nxc5 Qxc5 18. Qxc5 bxc5 19. f3 Nd7 20. Bb5 Red8 21. Bg5 f6 22. Be3 Bf8 23. Rac1 Ba6 24. Ne2 Bxb5 25. axb5 Nb6 26. Bxc5 Rd2 27. Bxf8 Rxf8 28. Rf2 Rxb2 29. Rxc7 Rxb5 30. Nc3 Rb3 31. Rd2 a4 32. Nd5 Nxd5 33. Rxd5 Rf7 34. Rc8+ Kg7 35. Ra5 a3 36. Rca8 Rc7 37. Rxa3 Rc1+ 38. Kf2 Rc2+ 39. Kg3 Rbb2 40.
R8a7+ Kh6 41. f4 Rxg2+ 42. Kf3 Rxh2 43. fxe5 Rh3+ 44. Kg4 Rxa3 45. Rxa3 fxe5 46. Ra5 Rg2+ 47. Kf3 Rg5 48. Ra7 Rh5 49. Kg4 Rg5+ 50. Kf3 Rg1 51. Re7 Rf1+ 52. Ke3 Rf6 53. Rxe5 Kg7 54. Re7+ Rf7 55. Re6 h5 56. Rd6 h4 57. Rd2 Kf6 58. Rf2+ Ke6 59. Rg2 Kf6 60. Rf2+ Kg7 61. Rg2 g5 62. e5 Kg6 63. Ke4 h3 64. Rg3 Rh7 65. Rg1 h2 66. Rh1 g4 67. Kf4 Rh4 68.
Kg3 Kg5 69. e6 Rh3+ 70. Kg2 Re3 71. Rxh2 Re2+ 72. Kg1 Rxe6 73. Rh8 Kf4 74. Rf8+ Kg3 75. Rf1 Re2 76. Rb1 Ra2 77. Rb3+ Kh4 78. Rb1 g3 79. Kh1 Kh3 80. Kg1 Rf2 81. Rc1 Rf3 82. Rd1 Rf4 83.
Rd8 Rh4 84. Rg8 Rf4 85. Rh8+ Kg4 86. Rd8 Kf3 87. Rd3+ Kg4 88. Ra3 Rb4 89. Ra1 Rb3 90.
Rd1 Kf3 91. Rf1+ Kg4 92. Rc1 Rb2 93. Rc4+ Kh3 94. Rc1 g2 95. Rc3+ Kg4 96. Rc1 Kf3 97. Ra1 Re2 98. Rc1 Re3 99. Rd1 Ke2 100. Ra1 Rf3 101. Ra2+ Ke3 102. Kxg2 Rf5 103. Ra3+ Kf4 104. Ra4+ Kg5 105. Kg3 Kf6 106. Kg4 Rg5+ 107. Kf4 Rf5+ 108. Ke4 Re5+ 109. Kd4 Rf5 110. Ra6+ Kg5 111. Ke4 Rf6 112. Ra1 Kg6 113.
Rg1+ Kf7 114. Ke5 Re6+ 115. Kf5 Rf6+ 116. Ke5 Re6+ 117. Kd5 Rf6 118. Rg5 Rg6 119. Rf5+ Rf6 120. Rh5 Kg6 121. Rh1 Rf5+ 122. Ke6 Rf6+ 123. Ke5 1/2-1/2

[Event "Late-Titled-Tuesday-Blitz-September-05-2023"]
[Site "Chess.com"]
[Date "2023.09.05"]
[Round "3"]
[White "Semetey"]
[Black "alturas_pacificas"]
[Result "1/2-1/2"]
[WhiteElo "2562"]
[BlackElo "2405"]
[TimeControl "180+1"]
[EndTime "14:32:20 PDT"]
[Termination "Game drawn by repetition"]

1. d4 d5 2. Bf4 Nf6 3. e3 c5 4. c3 Nc6 5. Nd2 e6 6. Ngf3 Bd6 7. Bg3 Qc7 8. Bd3 cxd4 9. exd4 Bxg3 10. hxg3 Bd7 11. Qe2 Ne7 12. Ne5 h6 13. g4 Rf8 14.
Nb3 O-O-O 15. Nc5 Nc6 16. f4 Kb8 17. O-O-O Bc8 18. Kb1 Nd7 19. Ncxd7+ Bxd7 20. g3 Bc8 21. Rc1 Ka8 22. Bb5 Qb6 23. Nxc6 bxc6 24. Bd3 Bb7 25. Ka1 c5 26. Qe5 f6 27. Qe3 Rfe8 28. Bg6 Re7 29.
dxc5 Qc7 30. Rhe1 a5 31. b4 d4 32. Qf2 dxc3 33. b5 Rd2 34. Qe3 Bd5 35. Qxc3 Rxa2+ 36. Kb1 a4 37. Be4 Qd8 38. Bxd5+ Qxd5 39. Red1 Qb3+ 40.
Qxb3 axb3 41. b6 Kb7 42. Rd3 Rc2 43. Rxb3 Rxc1+ 44. Kxc1 Kc6 45. Kc2 e5 46. fxe5 fxe5 47. Kd3 Re8 48. Kc4 e4 49. Re3 Re5 50. Kd4 Rxc5 51. b7 Rb5 52. Rxe4 Rxb7 53. Re6+ Kd7 54.
Rg6 Ke8 55. Ke5 Kf7 56. Rc6 Rb5+ 57. Kf4 Rb4+ 58. Kf3 Rd4 59. Rb6 Rc4 60. Ra6 Rb4 61. Rd6 Rc4 62. Rb6 g6 63. Ra6 Rc7 64. Rb6 Ra7 65. Rc6 Re7 66. Rb6 Rd7 67. Ra6 Rb7 68. Rc6 g5 69. Rxh6 Rb4 70. Rc6 Kg7 71. Rc5 Kf6 72. Rc6+ Kf7 73. Rc5 Kf6 74. Rc7 Rb3+ 75.
Kg2 Rb2+ 76. Kh3 Rb1 77. Rc6+ Kf7 78. Rc5 Kg6 79. Rf5 Rg1 80. Kh2 Re1 81. Ra5 Re2+ 82. Kh3 Rb2 83. Ra6+ Kg7 84. Ra7+ Kf6 85. Ra8 Kg6 86.
Rg8+ Kh6 87. Rh8+ Kg6 88. Rc8 Rb6 89. Rc7 Ra6 90. Rc2 Ra3 91. Rf2 Rb3 92. Kg2 Rc3 93. Re2 Rd3 94. Kf2 Ra3 95. Re6+ Kg7 96. Re5 Kf6 97.
Rb5 Ra2+ 98. Kf3 Ra3+ 99. Ke4 Rxg3 100. Rb6+ Kg7 101. Kf5 Rf3+ 102. Kxg5 Rf7 103. Rg6+ Kh8 104. Kh6 Rf8 105. Re6 Ra8 106. g5 Kg8 107. g6 Rb8 108. Rd6 Ra8 109. Rc6 Rb8 110. Ra6 Rc8 111. Ra7 Rd8 112. Rb7 Rc8 113. Rd7 Ra8 114. Rc7 Rb8 115. Ra7 Rc8 116. Rg7+ Kh8 117. Rh7+ Kg8 118. Rf7 Rc1 119. Rf5 Rh1+ 120. Rh5 Rxh5+ 121.
Kxh5 Kg7 122. Kg5 Kg8 123. Kf6 Kf8 124. Kf5 Kg7 125. Kg5 Kg8 126. Kg4 Kg7 127. Kh5 Kg8 128. Kh6 Kh8 129. Kg5 Kg7 130. Kf5 Kg8 131. Kf6 Kf8 132. Ke6 Kg7 133. Kf5 Kg8 134. Kf6 1/2-1/2

[Event "Late-Titled-Tuesday-Blitz-September-05-2023"]
[Site "Chess.com"]
[Date "2023.09.05"]
[Round "4"]
[White "Michalczak"]
[Black "emeli_chess"]
[Result "1-0"]
[WhiteElo "2510"]
[BlackElo "2361"]
[TimeControl "180+1"]
[EndTime "14:33:10 PDT"]
[Termination "Michalczak won by resignation"]

1. e4 e5 2. Nf3 Nc6 3. Bb5 a6 4. Ba4 Nf6 5. O-O Nxe4 6. d4 b5 7. Bb3 d5 8. dxe5 Be6 9. Nbd2 Bc5 10. Nxe4 d4 11. Nxc5 1-0

[Event "Late-Titled-Tuesday-Blitz-September-05-2023"]
[Site "Chess.com"]
[Date "2023.09.05"]
[Round "4"]
[White "KVAIDAN"]
[Black "leschebaza"]
[Result "0-1"]
[WhiteElo "2227"]
[BlackElo "2393"]
[TimeControl "180+1"]
[EndTime "14:33:45 PDT"]
[Termination "leschebaza won by resignation"]

1. f4 Nf6 2. Nf3 g6 3. d3 Bg7 4. e4 d6 5. Be2 O-O 6. O-O e5 7. Nc3 Nc6 8. Qe1 Nd4 9. Bd1 Bg4 10. Qh4 Bxf3 11. gxf3 Nh5 12. f5 Qxh4 0-1

[Event "Late-Titled-Tuesday-Blitz-September-05-2023"]
[Site "Chess.com"]
[Date "2023.09.05"]
[Round "4"]
[White "IM_Tissir"]
[Black "acertijo08"]
[Result "1-0"]
[WhiteElo "2473"]
[BlackElo "2294"]
[TimeControl "180+1"]
[EndTime "14:34:41 PDT"]
[Termination "IM_Tissir won by resignation"]

1. e4 e5 2. Nf3 Nc6 3. Bc4 Bc5 4.
c3 Nf6 5. d3 O-O 6. Bb3 d6 7.
Nbd2 a6 8. Nf1 Ba7 9. Ng3 Ne7 10. Bg5 Ng6 11. Nh5 Nxh5 12. Bxd8 Rxd8 13. Bxf7+ Kxf7 14. Ng5+ Kg8 15. Qxh5 Nf8 16. Qf7+ Kh8 17. Qb3 1-0

[Event "Late-Titled-Tuesday-Blitz-September-05-2023"]
[Site "Chess.com"]
[Date "2023.09.05"]
[Round "4"]
[White "picturesquecheck"]
[Black "dretch"]
[Result "0-1"]
[WhiteElo "2311"]
[BlackElo "2866"]
[TimeControl "180+1"]
[EndTime "14:34:48 PDT"]
[Termination "dretch won by resignation"]

1. e4 e6 2. d4 d5 3. Nd2 c5 4. exd5 Qxd5 5. Ngf3 cxd4 6. Bc4 Qd6 7. O-O Nf6 8. Nb3 Nc6 9. Nbxd4 Nxd4 10. Nxd4 Be7 11. Re1 O-O 12. Bg5 Qc5 0-1

[Event "Late-Titled-Tuesday-Blitz-September-05-2023"]
[Site "Chess.com"]
[Date "2023.09.05"]
[Round "4"]
[White "Sajkochess"]
[Black "karinachess1"]
[Result "0-1"]
[WhiteElo "2385"]
[BlackElo "2558"]
[TimeControl "180+1"]
[EndTime "14:34:51 PDT"]
[Termination "karinachess1 won by resignation"]

1. e4 c5 2. Nf3 e6 3. d4 cxd4 4. Nxd4 a6 5. Nc3 Qc7 6. g3 Nf6 7. Bg2 Nc6 8. O-O h5 9. h3 Nxd4 10. Qxd4 Bc5 11. Bf4 d6 12. Qd2 e5 13. Bg5 Be6 14. Bxf6 gxf6 15. Nd5 Bxd5 16. Qxd5 O-O-O 17. h4 Rhg8 18. c3 Rxg3 19. b4 Rdg8 20. bxc5 Rxg2+ 21. Kh1 R2g4 0-1

[Event "Late-Titled-Tuesday-Blitz-September-05-2023"]
[Site "Chess.com"]
[Date "2023.09.05"]
[Round "4"]
[White "ybothg"]
[Black "Witik"]
[Result "0-1"]
[WhiteElo "2503"]
[BlackElo "2682"]
[TimeControl "180+1"]
[EndTime "14:34:55 PDT"]
[Termination "Witik won by checkmate"]

1. d4 Nf6 2. Bg5 d5 3. Bxf6 gxf6 4. e3 c5 5. c4 e5 6. dxe5 d4 7. exd4 cxd4 8. exf6 Qxf6 9. Nf3 Nc6 10. Nbd2 Bf5 11. Be2 d3 12. Bf1 O-O-O 13. Qa4 Qxb2 14. Nb3 Bb4+ 15.
Nfd2 Rhe8+ 16. Kd1 Qc2# 0-1

[Event "Late-Titled-Tuesday-Blitz-September-05-2023"]
[Site "Chess.com"]
[Date "2023.09.05"]
[Round "4"]
[White "InadaC"]
[Black "KarateBaby"]
[Result "0-1"]
[WhiteElo "2150"]
[BlackElo "2440"]
[TimeControl "180+1"]
[EndTime "14:35:19 PDT"]
[Termination "KarateBaby won by checkmate"]

1. d4 d5 2. c4 Nc6 3. e3 e5 4. dxe5 Nxe5 5. Nc3 dxc4 6. Qxd8+ Kxd8 7. Bd2 Nf6 8. f4 Nd3+ 9. Bxd3 cxd3 10. O-O-O Bc5 11. e4 Re8 12. Re1 Be6 13. h3 Bf2 14. Rf1 Bd4 15. Re1 Bxc3 16. Bxc3 Bxa2 17. Bxf6+ gxf6 18. Kd2 Ke7 19. Kxd3 Rad8+ 20. Kc3 Rd6 21. Nf3 Red8 22.
Kc2 Rc6# 0-1

[Event "Late-Titled-Tuesday-Blitz-September-05-2023"]
[Site "Chess.com"]
[Date "2023.09.05"]
[Round "4"]
[White "morozcoma"]
[Black "stregachess"]
[Result "1-0"]
[WhiteElo "2309"]
[BlackElo "2081"]
[TimeControl "180+1"]
[EndTime "14:35:19 PDT"]
[Termination "morozcoma won by resignation"]

1. e4 c5 2. Nc3 Nc6 3. Nf3 g6 4.
Bc4 Rb8 5. O-O Bg7 6. a4 e6 7. d4 cxd4 8. Nb5 d6 9. Nbxd4 Nge7 10. Nb5 d5 11. exd5 exd5 12. Bxd5 O-O 13. Bb3 a6 14. Nc3 Qc7 15. Nd5 Nxd5 16. Qxd5 Be6 17. Qg5 Bxb3 18. Bf4 Ne5 19. Nxe5 Bxe5 20. Bxe5 Qxc2 21. Qf6 1-0

[Event "Late-Titled-Tuesday-Blitz-September-05-2023"]
[Site "Chess.com"]
[Date "2023.09.05"]
[Round "4"]
[White "guillembaches"]
[Black "Godzillator"]
[Result "1/2-1/2"]
[WhiteElo "2520"]
[BlackElo "2337"]
[TimeControl "180+1"]
[EndTime "14:35:21 PDT"]
[Termination "Game drawn by agreement"]

1. e4 d5 2. exd5 Qxd5 3. Nc3 Qd8 4. g3 Nf6 5. Bg2 c6 6. Nge2 Bg4 7. h3 Bh5 8. O-O e6 9. d3 Bc5 10. Rb1 a6 11. b4 Ba7 12. g4 Bg6 13. Bg5 Nbd7 14. Ne4 Qc7 15. Bf4 e5 16. Be3 Bxe3 17. Nxf6+ Nxf6 18. fxe3 h5 19. g5 Nd5 20. Qd2 Qb6 21. d4 O-O 22. c4 1/2-1/2

[Event "Late-Titled-Tuesday-Blitz-September-05-2023"]
[Site "Chess.com"]
[Date "2023.09.05"]
[Round "4"]
[White "ninguno46"]
[Black "kinga2008"]
[Result "1-0"]
[WhiteElo "2600"]
[BlackElo "2398"]
[TimeControl "180+1"]
[EndTime "14:35:30 PDT"]
[Termination "ninguno46 won by resignation"]

1. c4 g6 2. g3 Bg7 3. Bg2 Nf6 4.
Nc3 O-O 5. e3 e6 6. Nge2 d5 7.
cxd5 exd5 8. d4 c5 9. O-O Nc6 10.
dxc5 Bg4 11. h3 Bxe2 12. Nxe2 Qe7 13. Bd2 Qxc5 14. Bc3 Rad8 15. Rc1 Qe7 16. Qb3 Ne4 17. Bxg7 Kxg7 18. Rcd1 Nc5 19. Qc3+ Ne5 20. f4 d4 21. Nxd4 Ned7 22. Nf5+ 1-0

[Event "Late-Titled-Tuesday-Blitz-September-05-2023"]
[Site "Chess.com"]
[Date "2023.09.05"]
[Round "4"]
[White "tgpgoat"]
[Black "Aygehovit1992"]
[Result "0-1"]
[WhiteElo "2507"]
[BlackElo "2703"]
[TimeControl "180+1"]
[EndTime "14:36:16 PDT"]
[Termination "Aygehovit1992 won by checkmate"]

1. Nf3 Nf6 2. d4 e6 3. Bg5 h6 4. Bxf6 Qxf6 5. Nbd2 d5 6. e4 c6 7. Bd3 g6 8. e5 Qe7 9. Qe2 b6 10. O-O-O a5 11. g4 Ba6 12. h4 Bxd3 13. Qxd3 Na6 14. c3 Nc7 15. Ne1 c5 16. f4 c4 17. Qc2 b5 18. f5 gxf5 19. gxf5 b4 20. Nef3 bxc3 21.
Qxc3 Nb5 22. Qe3 c3 23. bxc3 Qa3+ 24. Kc2 Rc8 25. Nb1 Qxa2+ 26. Kc1 Ba3+ 27. Nxa3 Rxc3+ 28. Qxc3 Nxc3 29. Nc2 Nxd1 30. Rxd1 Kd7 31. Rd3 Rc8 32. Nd2 Qxc2# 0-1

[Event "Late-Titled-Tuesday-Blitz-September-05-2023"]
[Site "Chess.com"]
[Date "2023.09.05"]
[Round "4"]
[White "maurovargas01"]
[Black "NovikovaGalina"]
[Result "0-1"]
[WhiteElo "1864"]
[BlackElo "2413"]
[TimeControl "180+1"]
[EndTime "14:36:17 PDT"]
[Termination "NovikovaGalina won by resignation"]

1. e4 e5 2. Nf3 Nc6 3. d4 exd4 4. Bc4 Bc5 5. c3 d3 6. Qxd3 Nf6 7. e5 d5 8. Bb3 Ng4 9. Bf4 Nxf2 10. Qf1 Nxh1 11.
Qxh1 O-O 12. Nbd2 Bf5 13. O-O-O Na5 14. Bc2 Qc8 15. h3 Bxc2 16. Kxc2 Nc4 17. Nxc4 dxc4 18. Kc1 Qf5 19. g3 Rad8 20. Rf1 Qe4 21. Qg1 Bxg1 22.
Nxg1 Qg2 0-1

[Event "Late-Titled-Tuesday-Blitz-September-05-2023"]
[Site "Chess.com"]
[Date "2023.09.05"]
[Round "4"]
[White "GAO"]
[Black "szachmistrz2500"]
[Result "0-1"]
[WhiteElo "2291"]
[BlackElo "2470"]
[TimeControl "180+1"]
[EndTime "14:36:22 PDT"]
[Termination "szachmistrz2500 won by checkmate"]

1. h3 c5 2. d3 d5 3. Nf3 Nc6 4. g4 e5 5. Nbd2 f6 6. e4 Be6 7.
Bg2 Nge7 8. O-O g5 9. c3 Qd7 10. exd5 Nxd5 11. d4 exd4 12. cxd4 O-O-O 13. Ne4 h5 14. Nh2 Nxd4 15. Be3 hxg4 16. hxg4 Bd6 17. f4 Nxe3 18. Qd3 Bxf4 19. Nxf6 Bxh2+ 20. Kf2 Nxg4+ 21. Nxg4 Bxg4 22. Be4 Rdf8+ 23. Ke3 Rh3+ 24. Bf3 Rhxf3+ 25. Ke4 Qf5# 0-1

[Event "Late-Titled-Tuesday-Blitz-September-05-2023"]
[Site "Chess.com"]
[Date "2023.09.05"]
[Round "4"]
[White "reevecanada"]
[Black "realburq"]
[Result "1-0"]
[WhiteElo "2540"]
[BlackElo "2374"]
[TimeControl "180+1"]
[EndTime "14:36:43 PDT"]
[Termination "reevecanada won by checkmate"]

1. e4 c5 2. Nf3 Nc6 3. Bb5 e6 4. Bxc6 dxc6 5. b3 Nf6 6. d3 Qc7 7. Bb2 Nd7 8. Nbd2 e5 9. h4 Bd6 10. h5 Nf8 11. Nh4 Be6 12. a4 O-O-O 13. a5 Kb8 14.
Nc4 g6 15. Nf3 f6 16. hxg6 Nxg6 17. Qd2 Nf4 18. g3 Ng6 19. O-O-O Bg4 20. Qe3 b5 21. axb6 axb6 22. Rh6 b5 23. Nxd6 Qxd6 24. Ba3 b4 25. Bb2 Kb7 26. Rdh1 Qe7 27. Nd2 Rd4 28. f4 Kb6 29.
Qf2 Qa7 30. Rxg6 Ra8 31. Rxf6 h5 32. Nc4+ Rxc4 33. dxc4 Qa2 34. fxe5 Rd8 35. Rd6 Ra8 36. Qxc5+ Kxc5 37. Bd4# 1-0

[Event "Late-Titled-Tuesday-Blitz-September-05-2023"]
[Site "Chess.com"]
[Date "2023.09.05"]
[Round "4"]
[White "Casper"]
[Black "HeinichessPY"]
[Result "1-0"]
[WhiteElo "2454"]
[BlackElo "2227"]
[TimeControl "180+1"]
[EndTime "14:36:46 PDT"]
[Termination "Casper won by resignation"]

1. e4 c5 2. d4 cxd4 3. Qxd4 Nc6 4. Qe3 g6 5. Nc3 Bg7 6. Bd2 Nf6 7. O-O-O O-O 8. h4 d6 9. h5 Qb6 10. Qxb6 axb6 11. hxg6 hxg6 12. f3 Be6 13. a3 Ne5 14. Be3 Rfc8 15. Bxb6 Bc4 16. Nge2 Nfd7 17. Bd4 Nc5 18.
Nf4 Bxf1 19. Rhxf1 Bh6 20. g3 Ne6 21. Nd5 Nc6 22.
Be3 Ne5 23. Nxe7+ Kf8 24. Nxc8 Rxc8 25. Kb1 Nxf4 26. Bxf4 Nc4 27. Bxh6+ 1-0

[Event "Late-Titled-Tuesday-Blitz-September-05-2023"]
[Site "Chess.com"]
[Date "2023.09.05"]
[Round "4"]
[White "Machteld145"]
[Black "kaanadayhamle"]
[Result "1-0"]
[WhiteElo "2506"]
[BlackElo "2352"]
[TimeControl "180+1"]
[EndTime "14:36:48 PDT"]
[Termination "Machteld145 won by resignation"]

1. e4 c6 2. Nf3 d5 3. d3 Bg4 4. h3 Bxf3 5. Qxf3 e6 6. Nc3 Nd7 7. Be2 Ngf6 8. O-O Qc7 9. d4 dxe4 10. Nxe4 Nxe4 11. Qxe4 Nf6 12. Qd3 Bd6 13. Bg5 O-O-O 14. c4 h6 15. Be3 g5 16. d5 exd5 17. Qf5+ Nd7 18. cxd5 c5 19. b4 Kb8 20. bxc5 Nxc5 21. Rfc1 Qe7 22. Rab1 Rhe8 23. Bf3 b6 24. Bxc5 Bxc5 25.
d6 Qxd6 26. Rxc5 Re6 27. Rd5 Qe7 28. Rxd8+ Qxd8 29. Rd1 1-0

[Event "Late-Titled-Tuesday-Blitz-September-05-2023"]
[Site "Chess.com"]
[Date "2023.09.05"]
[Round "4"]
[White "Qvalda"]
[Black "subham777"]
[Result "0-1"]
[WhiteElo "2377"]
[BlackElo "2541"]
[TimeControl "180+1"]
[EndTime "14:37:00 PDT"]
[Termination "subham777 won by checkmate"]

1. d4 d5 2. Nf3 Nf6 3. c4 e6 4. cxd5 exd5 5. Qc2 c6 6. Nc3 Bd6 7. Bg5 O-O 8. e3 h6 9. Bh4 a5 10. Bd3 Na6 11. a3 Re8 12. O-O Bg4 13. Nd2 Bd7 14. Rab1 Bxh2+ 15. Kxh2 Ng4+ 16. Kg3 g5 17. Nf3 gxh4+ 18.
Nxh4 Qg5 19. Nf3 Qg7 20. Kh4 Nxe3 21. Bh7+ Kh8 22. Ne5 Qg5# 0-1

[Event "Late-Titled-Tuesday-Blitz-September-05-2023"]
[Site "Chess.com"]
[Date "2023.09.05"]
[Round "4"]
[White "ural58"]
[Black "Korchmar_Vasiliy"]
[Result "1-0"]
[WhiteElo "2526"]
[BlackElo "2695"]
[TimeControl "180+1"]
[EndTime "14:37:13 PDT"]
[Termination "ural58 won by checkmate"]

1. e4 c5 2. b3 e6 3. Nf3 a6 4.
Bb2 Nc6 5. g3 d5 6. exd5 exd5 7.
Bg2 Qe7+ 8. Qe2 Qxe2+ 9. Kxe2 Bg4 10. Re1 O-O-O 11. Kf1 f6 12. h3 Bf5 13. d3 Bd6 14. a3 Nge7 15. Nh4 Bd7 16. Nd2 h5 17. c4 g5 18. cxd5 gxh4 19. dxc6 Bxc6 20. Bxc6 bxc6 21. Bxf6 Rh7 22. Bxh4 Rf8 23. Nc4 Nf5 24. Nxd6+ Nxd6 25. Be7 Rxe7 26. Rxe7 Nf5 27. Re5 Nxg3+ 28. Kg2 Nf5 29. Rae1 Rg8+ 30. Kf1 Nd6 31. Rxc5 Kb7 32. Rxh5 Nb5 33. a4 Nd4 34. Re7+ Kb6 35. a5# 1-0

[Event "Late-Titled-Tuesday-Blitz-September-05-2023"]
[Site "Chess.com"]
[Date "2023.09.05"]
[Round "4"]
[White "EstudiandoAjedrezRD"]
[Black "Quattroporte300"]
[Result "0-1"]
[WhiteElo "2204"]
[BlackElo "2391"]
[TimeControl "180+1"]
[EndTime "14:37:13 PDT"]
[Termination "Quattroporte300 won by resignation"]

1. d4 Nf6 2. c4 g6 3. Nf3 Bg7 4. g3 d6 5. Bg2 O-O 6. O-O c6 7. Nc3 Bg4 8. h3 Bxf3 9. Bxf3 Nbd7 10. d5 c5 11. Bg2 Ne5 12. b3 Nfd7 13. Rb1 Nxc4 14.
bxc4 Bxc3 15. Rxb7 Nb6 16. Bg5 f6 17. Bh6 Rf7 18. Qb3 Ba5 19. Qb5 Qc8 20. Qa6 Nxc4 21.
Rfb1 Bb6 22. a4 Na5 23. Bd2 Qxb7 24. Qxb7 Nxb7 25. a5 Nxa5 26. Bxa5 Bxa5 27. Rb7 Bb6 28. h4 Rff8 29. Bh3 f5 30. Rxe7 Rfe8 31. Rd7 Rad8 32. Rb7 Rxe2 33. Bf1 Rb2 34. Kg2 c4 35. Bxc4 Rxf2+ 36. Kh3 Rf3 37. Kg2 Rc3 38. Bb5 Rc7 39. Rxc7 Bxc7 0-1

[Event "Late-Titled-Tuesday-Blitz-September-05-2023"]
[Site "Chess.com"]
[Date "2023.09.05"]
[Round "4"]
[White "The_Straightforward_Rook"]
[Black "Chemim21"]
[Result "1-0"]
[WhiteElo "2492"]
[BlackElo "2261"]
[TimeControl "180+1"]
[EndTime "14:37:16 PDT"]
[Termination "The_Straightforward_Rook won by resignation"]

1. d4 e6 2. c4 d5 3. Nf3 c6 4.
cxd5 exd5 5. Nc3 Bf5 6. Qb3 Qb6 7. Bf4 Qxb3 8. axb3 Nd7 9. e3 Ngf6 10. h3 h6 11. Be2 Ne4 12. Nd2 Nxd2 13. Kxd2 Bb4 14. Ra4 a5 15.
Rha1 Ke7 16. g4 Bh7 17. Bd3 Bxd3 18. Kxd3 b5 19. R4a2 g5 20. Bc7 h5 21. Bxa5 Bxc3 22. bxc3 hxg4 23. Bb4+ c5 24. Rxa8 Rxa8 25. Rxa8 cxb4 26.
hxg4 f5 27. gxf5 Kf6 28. Rd8 Ke7 29. Rxd7+ Kxd7 30. cxb4 Ke7 31. e4 Kf6 32. f3 dxe4+ 33. fxe4 g4 34. Ke3 Kg5 35. Kf2 Kf4 36. f6 g3+ 37. Kg2 Kxe4 38. f7 Kxd4 39. f8=Q Kc3 40.
Qc5+ Kxb3 41. Qxb5 1-0

[Event "Late-Titled-Tuesday-Blitz-September-05-2023"]
[Site "Chess.com"]
[Date "2023.09.05"]
[Round "4"]
[White "thechessnoob12345"]
[Black "venturov"]
[Result "0-1"]
[WhiteElo "2097"]
[BlackElo "2434"]
[TimeControl "180+1"]
[EndTime "14:37:24 PDT"]
[Termination "venturov won by resignation"]

1. d4 g6 2. c4 Bg7 3. Nc3 c5 4. d5 Bxc3+ 5. bxc3 f5 6. Nf3 Nf6 7. e3 Qa5 8. Qc2 d6 9. Bd3 Nbd7 10. O-O Ne5 11.
Nxe5 dxe5 12. f3 Bd7 13. e4 f4 14. g3 g5 15. Bd2 h5 16. gxf4 gxf4 17. Kh1 O-O-O 18. a4 Rdg8 19. Rg1 Bg4 20. fxg4 hxg4 21. Qd1 g3 22. Rg2 Ng4 23. Be2 Nf2+ 24. Rxf2 gxf2 25.
Bg4+ Kb8 26. Qf3 Qa6 27. Rf1 Qg6 28. Bxf4 exf4 29. Qxf4+ Ka8 30. Bh5 Qg1+ 0-1

[Event "Late-Titled-Tuesday-Blitz-September-05-2023"]
[Site "Chess.com"]
[Date "2023.09.05"]
[Round "4"]
[White "PawnEatingZombie"]
[Black "Jenia84"]
[Result "1-0"]
[WhiteElo "2097"]
[BlackElo "2322"]
[TimeControl "180+1"]
[EndTime "14:37:27 PDT"]
[Termination "PawnEatingZombie won by resignation"]

1. e4 c5 2. Nf3 d6 3. Nc3 a6 4. a4 Nc6 5. Bc4 Nf6 6. d3 e6 7. O-O Be7 8. Re1 O-O 9. Bg5 Bd7 10.
Bh4 Nd4 11. Nxd4 cxd4 12. Ne2 b5 13. axb5 axb5 14. Rxa8 Qxa8 15. Bb3 e5 16. Bxf6 Bxf6 17. Ng3 g6 18. Rf1 h5 19. f4 Bg4 20. Qd2 Bh4 21.
fxe5 dxe5 22. Qh6 Qa6 23. Nf5 Bxf5 24. exf5 1-0

[Event "Late-Titled-Tuesday-Blitz-September-05-2023"]
[Site "Chess.com"]
[Date "2023.09.05"]
[Round "4"]
[White "AsaHoffmann"]
[Black "rochaaaaaaaaaa"]
[Result "0-1"]
[WhiteElo "2358"]
[BlackElo "2272"]
[TimeControl "180+1"]
[EndTime "14:37:29 PDT"]
[Termination "rochaaaaaaaaaa won by checkmate"]

1. d4 d5 2. Bg5 f6 3. Bh4 Nh6 4. e3 Nf5 5. Bg3 h5 6. Bd3 h4 7.
Bf4 g5 8. g4 Nh6 9. Bg6+ Nf7 10. Ne2 gxf4 11. Nxf4 Bh6 12. h3 Bxf4 13. exf4 Kf8 14.
Nc3 c6 15. Qe2 b5 16. O-O-O b4 17. Na4 Nd6 18. Rde1 Nd7 19. f5 Nb6 20. Nc5 a5 21. f3 a4 22. Rhg1 b3 23. cxb3 axb3 24. a3 Nbc4 25.
Qd3 Nb5 26. g5 Nbxa3 27. bxa3 Rxa3 28. Kb1 b2 29. Qxa3 Nxa3+ 30. Kxb2 Nc4+ 31. Kc3 Qa5+ 32. Kd3 Qd2# 0-1

[Event "Late-Titled-Tuesday-Blitz-September-05-2023"]
[Site "Chess.com"]
[Date "2023.09.05"]
[Round "4"]
[White "KATPAH"]
[Black "frederiksvane"]
[Result "0-1"]
[WhiteElo "2673"]
[BlackElo "2928"]
[TimeControl "180+1"]
[EndTime "14:37:39 PDT"]
[Termination "frederiksvane won by resignation"]

1. e4 c5 2. d4 cxd4 3. c3 e5 4. cxd4 exd4 5. Nf3 Nc6 6. Bc4 Bc5 7. O-O d6 8. a3 Nf6 9. b4 Bb6 10.
b5 Ne5 11. Nxe5 dxe5 12. a4 O-O 13. Qb3 Nxe4 14. a5 Bc5 15. a6 Rb8 16. axb7 Bxb7 17.
Nd2 Nc3 18. Re1 e4 19. Ba3 Bxa3 20. Rxa3 a5 21. b6 Qg5 22. Nf1 e3 23. Ng3 a4 24.
Qc2 Rbc8 25. Bd3 Nb5 26. Qxa4 Nxa3 27. Qxa3 Rc3 28. Bxh7+ Kxh7 29. Qxf8 exf2+ 30. Kxf2 Rc2+ 31. Re2 Qe3+ 32. Kf1 Rc1+ 0-1